 Dungeon Crawl Stone Soup version 0.26.1-11-gd32895ea62 (webtiles) character file.

Game seed: 3789969607417356797

252 Brecoman the Firebug (level 5, -1/38 HPs)
             Began as a Draconian Fire Elementalist on June 8, 2021.
             Slain by a gnoll
             ... wielding a +0 spear
              (6 damage)
             ... on level 3 of the Dungeon.
             The game lasted 00:12:23 (4689 turns).

Brecoman the Firebug (Draconian Fire Elementalist)  Turns: 4689, Time: 00:12:24

Health: -1/38      AC:  5    Str: 11    XL:     5   Next: 89%
Magic:  1/9        EV: 12    Int: 16    God:
Gold:   181        SH:  4    Dex: 11    Spells: 2/10 levels left

rFire    . . .     SeeInvis .   z - +0 war axe
rCold    . . .     Faith    .   c - +0 buckler
rNeg     . . .     Spirit   .   (armour unavailable)
rPois    .         Reflect  .   (helmet restricted)
rElec    .         Harm     .   (no cloak)
rCorr    .         Rampage  .   (no gloves)
Will     .....                  (no boots)
Stlth    +.........             (no amulet)
HPRegen  0.12/turn              (no ring)
MPRegen  0.11/turn              (no ring)

@: very slow
A: unfitting armour, cold-blooded, AC +5
a: no special abilities


You were on level 3 of the Dungeon.
You visited 1 branch of the dungeon, and saw 3 of its levels.

You collected 181 gold pieces.

Inventory:

Hand Weapons
 i - a +0 short sword
 o - a +1 whip of draining
 v - a +0 trident
 z - a +0 war axe (weapon)
Missiles
 g - a throwing net
 l - 39 poisoned darts
 t - 384 stones
Armour
 c - a +0 buckler (worn)
Jewellery
 r - an uncursed amulet of regeneration {unknown}
 u - an uncursed ring of positive energy {unknown}
Wands
 s - a wand of paralysis (12)
 y - a wand of polymorph (7)
Scrolls
 a - 2 scrolls of remove curse {unknown}
 d - a scroll of immolation {unknown}
 e - a scroll of blinking {unknown}
 f - a scroll of enchant armour {unknown}
 h - 3 scrolls of teleportation {unknown}
 m - a scroll of enchant weapon {unknown}
 w - a scroll of fog {unknown}
 x - a scroll of amnesia {unknown}
Potions
 b - a potion of might {unknown}
 j - a potion of berserk rage {unknown}
 k - 2 potions of flight {unknown}
 n - a potion of mutation {unknown}
 p - 2 potions of curing {unknown}
 q - 3 potions of degeneration {unknown}


   Skills:
 - Level 1.7 Dodging
 - Level 1.7 Stealth
 * Level 3.5 Shields
 + Level 3.0 Spellcasting
 + Level 2.6 Conjurations
 + Level 3.9 Fire Magic


You had 2 spell levels left.
You knew the following spells:

 Your Spells              Type           Power        Failure   Level
a - Foxfire               Conj/Fire      52%          4%          1
b - Conjure Flame         Conj/Fire      13%          14%         3
c - Sticky Flame          Conj/Fire      13%          43%         4

Your spell library contained the following spells:

 Spells                   Type           Power        Failure   Level
 Inner Flame              Hex/Fire       8%           26%         3
 Fireball                 Conj/Fire      6%           80%         5


Dungeon Overview and Level Annotations

Branches:
Dungeon (3/15)

Altars:
Gozag
Okawaru
Trog

Annotations:
D:2 Sigmund


Innate Abilities, Weirdness & Mutations

Your plain brown scales are hard. (AC +5)
You cannot fit into any form of body armour.
You are cold-blooded and may be slowed by cold attacks.


Message History

The kobold throws a stone.
The stone closely misses you.
The foxfire hits the kobold.
The kobold is severely wounded.
The foxfire hits the kobold.
You kill the kobold!
There is an open door here.
Casting: Foxfire (safe; 4% risk of failure)
Confirm with . or Enter, or press ? or * to list all spells.
You don't have enough magic to cast that spell.
Casting: Foxfire (safe; 4% risk of failure)
Confirm with . or Enter, or press ? or * to list all spells.
You don't have enough magic to cast that spell.
You block the gnoll's attack.
The gnoll hits you from afar with a +0 spear.
* * * LOW HITPOINT WARNING * * *
There is a large open door here.
You enter the shallow water.
Moving in this stuff is going to be slow.
The gnoll hits you from afar with a +0 spear.
You die...

.#......).......#......#...(.....
.#.......#########....#########..
###......')......#....#......)'..
# ##.....#)......#[...#......)#..
###################''############
≈≈≈≈≈≈≈≈≈≈≈≈≈≈≈≈≈≈.....≈≈≈≈≈≈≈≈≈≈
≈≈≈≈≈≈≈≈≈≈≈≈≈≈≈≈≈g....≈≈≈≈≈≈≈≈≈≈≈
≈≈≈≈≈≈≈≈≈≈≈≈≈≈≈≈≈......≈≈≈≈≈≈≈≈≈≈
≈.≈≈...≈≈≈≈≈≈≈.)@.....≈≈≈.≈≈.≈≈.≈
...............)......[..........
.....(...........................
#########...#####################
..........<.# #########...#
################ ##.###
#.......#.......
#...#######.#####.#.#####.
#...........#...#.#.#...#.


You could see a gnoll.

Vanquished Creatures
  A big kobold (D:3)
  A howler monkey (D:3)
  Jessica (D:3)
  An adder (D:3)
  An ooze (D:2)
  2 worms
  2 dart slugs
  4 leopard geckos
  3 orcs (D:3)
  3 hobgoblins
  50 kobolds
  A quokka (D:3)
  A ball python (D:1)
  6 bats
  6 frilled lizards
  5 goblins
  9 rats
97 creatures vanquished.

Vanquished Creatures (others)
  131 foxfires
131 creatures vanquished.

Grand Total: 228 creatures vanquished

Notes
Turn   | Place    | Note
-------+----------+-------------------------------------------
     0 | D:1      | Brecoman the Draconian Fire Elementalist began the quest
                  | for the Orb.
     0 | D:1      | Reached XP level 1. HP: 14/14 MP: 3/3
   363 | D:1      | Reached XP level 2. HP: 20/20 MP: 3/5
   417 | D:1      | Reached skill level 1 in Shields
  1281 | D:2      | Noticed a moth of wrath
  1283 | D:2      | Found a bloodstained altar of Trog.
  1413 | D:2      | Reached XP level 3. HP: 24/26 MP: 1/6
  1650 | D:2      | Found an opulent altar of Gozag.
  1687 | D:2      | Noticed Sigmund
  1937 | D:2      | Found an iron altar of Okawaru.
  2179 | D:2      | Learned a level 3 spell: Conjure Flame
  3316 | D:3      | Reached XP level 4. HP: 33/33 MP: 7/7
  3321 | D:3      | Learned a level 4 spell: Sticky Flame
  3361 | D:3      | Noticed Jessica
  3367 | D:3      | Killed Jessica
  3526 | D:3      | Reached XP level 5. HP: 36/38 MP: 5/9
  4689 | D:3      | Slain by a gnoll

Illustrated notes

Levels and vault maps discovered:
D:1:      mushboom_english_gardens, layout_basic
D:2:      layout_loops_ring, general_overflow_altar, okawaru_gym_becter,
          tgw_trog, uniq_sigmund
D:3:      minmay_goblin_kobold_castle, layout_loops_ring, patterned_corridor,
          uniq_jessica

Skill      XL: |  1  2  3  4  5 |
---------------+----------------+-----
Shields        | 1 2 3 |  3.5
Conjurations   | 2 |  2.6
Spellcasting   | 3 |  3.0
Dodging        | |  1.7
Stealth        | |  1.7
Fire Magic     | |  3.9

Action                   |  1- 3 |  4- 6 || total
-------------------------+-------+-------++-------
Melee: Short sword       |    20 |       ||    20
       Tailslap          |     2 |     6 ||     8
       Trident           |    18 |     7 ||    25
       War axe           |       |    93 ||    93
 Cast: Foxfire           |    68 |    31 ||    99
       Conjure Flame     |     1 |       ||     1
 Stab: Sleeping          |     3 |     1 ||     4
       Distracted        |       |     1 ||     1
Armor: Skin              |    23 |    52 ||    75
Dodge: Dodged            |    67 |    89 ||   156
Block: Buckler           |       |    42 ||    42
